[Event "Titled Tuesday Blitz January 31 Early 2023"]
[White "Klose, Eli"]
[Black "Rose, Felix"]
[WhiteFideId "16242955"]
[BlackFideId "5105722"]
[WhiteElo "1519"]
[BlackElo "2091"]
[Result "1-0"]
[Round "01"]
[TimeControl "180+2"]
[Date "2023.01.31"]
[WhiteClock "0:02:09"]
[BlackClock "0:00:23"]

1. e4 e5 2. Nf3 Nc6 3. d4 exd4 4. Bc4 Nf6 5. O-O Nxe4 6. Re1 d5 7. Bxd5 Qxd5 8. Nc3 Qd7 9. Rxe4+ Be7 10. Nxd4 f5 11. Rf4 O-O 12. Nxc6 Qxc6 13. Qd5+ Qxd5 14. Nxd5 Bd6 15. Rd4 Re8 16. Bf4 Bxf4 17. Rxf4 Re2 18. Nxc7 Rb8 19. Rc1 Bd7 20. Nd5 Kf7 21. Ne3 g6 22. Rd4 Bb5 23. a4 Ba6 24. b4 b5 25. a5 1-0


[Site "https://www.chess.com"]

[Event "Titled Tuesday Blitz January 31 Early 2023"]
[White "Samaganova, Aleksandra"]
[Black "Arenas, David"]
[WhiteFideId "13800221"]
[BlackFideId "4403177"]
[WhiteElo "1856"]
[BlackElo "2426"]
[Result "0-1"]
[Round "01"]
[TimeControl "180+2"]
[Date "2023.01.31"]
[WhiteClock "0:00:03"]
[BlackClock "0:00:19"]

1. c4 c5 2. Nc3 Nc6 3. g3 g6 4. Bg2 Bg7 5. e3 e5 6. Nge2 Nge7 7. O-O O-O 8. a3 d6 9. Rb1 a5 10. Nd5 Be6 11. Nec3 Nf5 12. d3 h6 13. b4 axb4 14. axb4 b6 15. bxc5 bxc5 16. Rb5 Rb8 17. Qb3 Nfe7 18. Bd2 Rxb5 19. Qxb5 Bxd5 20. Nxd5 Nxd5 21. Bxd5 Ne7 22. Bg2 Qc7 23. Rb1 Bf6 24. Qb6 Rc8 25. Qxc7 Rxc7 26. Rb6 Rd7 27. Bc3 Kg7 28. Bf3 h5 29. h4 Nf5 30. Rb7 Rxb7 31. Bxb7 Bd8 32. Kg2 f6 33. Bc8 Ne7 34. Be6 f5 35. d4 Kf6 36. Bd7 Bb6 37. dxe5+ dxe5 38. Be8 Nc8 39. Bb5 Nd6 40. Ba6 Ne4 41. Bb2 Ba5 0-1


[Site "https://www.chess.com"]

[Event "Titled Tuesday Blitz January 31 Early 2023"]
[White "Panesso Rivera, Henry"]
[Black "Stavri, Gligor"]
[WhiteFideId "4402707"]
[BlackFideId "4706013"]
[WhiteElo "2342"]
[BlackElo "1867"]
[Result "0-1"]
[Round "01"]
[TimeControl "180+2"]
[Date "2023.01.31"]
[WhiteClock "0:00:05"]
[BlackClock "0:00:07"]

1. Nf3 Nf6 2. b3 g6 3. Bb2 Bg7 4. g3 c5 5. Bg2 d6 6. O-O e5 7. c4 O-O 8. d3 Nc6 9. Nc3 a6 10. Ng5 Rb8 11. Nge4 Nxe4 12. dxe4 b5 13. cxb5 axb5 14. Qd2 Be6 15. Rfd1 b4 16. Na4 Nd4 17. e3 Nb5 18. Bf1 Bg4 19. Be2 Bxe2 20. Qxe2 Qe7 21. Rd2 Rfd8 22. Rad1 Bf8 23. f3 Qb7 24. Bxe5 Re8 25. Bb2 Qc6 26. Qc4 Re6 27. Ba1 Ra8 28. Qc2 Be7 29. Rd5 Nc7 30. R5d2 h5 31. h4 Nb5 32. Kh2 Rc8 33. Nb2 Nc3 34. Rg1 Nxa2 35. Nc4 Ra8 36. g4 hxg4 37. Rxg4 Nc3 38. Bxc3 bxc3 39. Qxc3 Rb8 40. Qc2 Qc7 41. Rd3 d5+ 42. f4 dxc4 43. Qxc4 Rd8 44. e5 Rxd3 45. Qxd3 Qd8 46. Qc2 Qd5 47. e4 Qd4 48. h5 Kg7 49. Qg2 Ra6 50. Kh3 Rb6 51. f5 Rxb3+ 52. Rg3 Rxg3+ 53. Qxg3 Qxe4 54. f6+ Bxf6 55. exf6+ Kxf6 56. h6 Qf5+ 57. Kh2 Qh5+ 58. Kg2 Qxh6 59. Qd6+ Kg7 60. Qxc5 Qf4 61. Qa3 Qf6 62. Kg1 Qg5+ 63. Kf2 Qf5+ 64. Kg2 g5 65. Qb3 Kg6 66. Qb6+ Qe6 67. Qb8 Qe4+ 68. Kg1 Qg4+ 69. Kh2 Qf4+ 0-1


[Site "https://www.chess.com"]

[Event "Titled Tuesday Blitz January 31 Early 2023"]
[White "Chor, Kevin"]
[Black "Bobomurodova, Maftuna"]
[WhiteFideId "2090740"]
[BlackFideId "14207400"]
[WhiteElo "1944"]
[BlackElo "1946"]
[Result "1-0"]
[Round "01"]
[TimeControl "180+2"]
[Date "2023.01.31"]
[WhiteClock "0:01:09"]
[BlackClock "0:00:44"]

1. e4 e5 2. Nf3 Nc6 3. Bb5 Nf6 4. d3 Bc5 5. c3 O-O 6. O-O d6 7. Nbd2 Ne7 8. d4 exd4 9. cxd4 Bb6 10. h3 Ng6 11. Re1 c6 12. Bd3 Re8 13. Nc4 Bc7 14. Bg5 h6 15. Bd2 d5 16. exd5 Nxd5 17. Bxg6 fxg6 18. Nce5 Bf5 19. g4 Be6 20. Nxg6 Qf6 21. Nge5 Nf4 22. Kh2 Bd5 23. Kg3 Ng6 24. Qe2 Rad8 25. Rad1 Bxf3 26. Qxf3 Qxf3+ 27. Kxf3 Nxe5+ 28. dxe5 Bxe5 29. Bc1 Bf6 30. Rxe8+ Rxe8 31. Rd7 Re7 32. Rxe7 Bxe7 33. Ke4 Kf7 34. Be3 a6 35. b3 Ke6 36. f4 g6 37. f5+ gxf5+ 38. gxf5+ Kf7 39. Bxh6 Bf6 40. Bf4 Bh4 41. Be5 Ke7 42. Kd4 Bf2+ 43. Kc4 b5+ 44. Kd3 c5 45. Ke4 c4 46. bxc4 bxc4 47. Kd5 c3 48. Bxc3 Kd7 49. f6 Ke8 50. Ke6 Bh4 51. f7+ 1-0


[Site "https://www.chess.com"]

[Event "Titled Tuesday Blitz January 31 Early 2023"]
[White "Smietanska, Wiktoria"]
[Black "Arabidze, Meri"]
[WhiteFideId "21869359"]
[BlackFideId "13604040"]
[WhiteElo "1936"]
[BlackElo "2441"]
[Result "0-1"]
[Round "01"]
[TimeControl "180+2"]
[Date "2023.01.31"]
[WhiteClock "0:00:01"]
[BlackClock "0:01:06"]

1. c4 e6 2. Nc3 d5 3. d4 Nf6 4. cxd5 exd5 5. Bg5 Be7 6. e3 c6 7. Bd3 Nbd7 8. Nge2 O-O 9. O-O Re8 10. Qc2 Nf8 11. Rae1 g6 12. f3 Ne6 13. Bh4 b5 14. Bf2 Bd7 15. e4 dxe4 16. fxe4 Ng4 17. e5 Ng5 18. Qd2 b4 19. Ne4 Nxe4 20. Bxe4 Nxf2 21. Rxf2 Bh4 22. g3 Bg5 23. Qxb4 Be3 24. Nf4 Qb6 25. Qd6 Bxd4 26. Rf1 Rad8 27. Qa3 Rxe5 28. Qf3 f5 29. Bc2 Rde8 30. Bb3+ Kh8 31. Kg2 Bxf2 32. Rxf2 Re3 33. Qd1 R3e7 34. Qc2 Qd4 35. Rd2 Qe4+ 36. Qxe4 fxe4 37. Re2 e3 38. Kf3 Bf5 39. Bc4 h5 40. h3 Kg7 0-1


[Site "https://www.chess.com"]

[Event "Titled Tuesday Blitz January 31 Early 2023"]
[White "Vaglio Munoz, Jaime"]
[Black "Korchmar, Vasiliy"]
[WhiteFideId "6500145"]
[BlackFideId "24131750"]
[WhiteElo "2174"]
[BlackElo "2438"]
[Result "0-1"]
[Round "01"]
[TimeControl "180+2"]
[Date "2023.01.31"]
[WhiteClock "0:01:56"]
[BlackClock "0:01:07"]

1. d4 d5 2. c4 c6 3. Nf3 Nf6 4. e3 e6 5. Qb3 Nbd7 6. Nc3 Bd6 7. Bd2 O-O 8. Be2 dxc4 9. Bxc4 e5 10. O-O-O exd4 11. Nxd4 Nc5 12. Qc2 Qe7 13. Nf5 Bxf5 14. Qxf5 Rad8 15. g4 b5 16. Be2 b4 17. Nb1 g6 18. Qg5 Nce4 19. Qh6 Nxf2 20. g5 N6e4 21. h4 Nxd1 22. Bxd1 Ng3 23. Rg1 Nf5 24. h5 Nxh6 25. gxh6 Be5 26. Bb3 Qc5+ 27. Kd1 Qxe3 28. Rg2 Qf3+ 29. Re2 Bf4 30. hxg6 hxg6 0-1


[Site "https://www.chess.com"]

[Event "Titled Tuesday Blitz January 31 Early 2023"]
[White "Jianu, Vlad-Cristian"]
[Black "Skuhala, Barbara"]
[WhiteFideId "1208110"]
[BlackFideId "14605465"]
[WhiteElo "2504"]
[BlackElo "2153"]
[Result "1-0"]
[Round "01"]
[TimeControl "180+2"]
[Date "2023.01.31"]
[WhiteClock "0:01:43"]
[BlackClock "0:00:51"]

1. d4 Nf6 2. c4 e6 3. Nc3 Bb4 4. f3 c5 5. d5 d6 6. e4 exd5 7. cxd5 O-O 8. Ne2 a6 9. a4 Nbd7 10. Ng3 Ne5 11. Be2 Qa5 12. Bd2 Ng6 13. O-O Re8 14. Qc2 Qd8 15. f4 Bg4 16. Bd3 Rc8 17. b3 Bxc3 18. Bxc3 b5 19. axb5 axb5 20. Bxb5 Rf8 21. f5 Ne5 22. h3 c4 23. bxc4 Qb6+ 24. Qf2 Qxf2+ 25. Rxf2 Bh5 26. Bxe5 dxe5 27. Nf1 Nxe4 28. g4 Nxf2 29. Kxf2 Bxg4 30. hxg4 1-0


[Site "https://www.chess.com"]

[Event "Titled Tuesday Blitz January 31 Early 2023"]
[White "Dimitrov, Atanas"]
[Black "Martin, Lewis"]
[WhiteFideId "2901315"]
[BlackFideId "410551"]
[WhiteElo "2269"]
[BlackElo "2135"]
[Result "1-0"]
[Round "01"]
[TimeControl "180+2"]
[Date "2023.01.31"]
[WhiteClock "0:01:19"]
[BlackClock "0:00:11"]

1. Nf3 Nf6 2. c4 c6 3. Nc3 d5 4. e3 e6 5. b3 Nbd7 6. Bb2 Bd6 7. Be2 O-O 8. d4 b6 9. O-O Bb7 10. Rc1 Qe7 11. Qc2 dxc4 12. Bxc4 c5 13. Be2 Rac8 14. Rfd1 Rfd8 15. dxc5 Nxc5 16. Qb1 Bb8 17. Qa1 Ne8 18. Nb5 f6 19. Nbd4 Ne4 20. Bc4 Bd5 21. Bxd5 exd5 22. Nc6 Rxc6 23. Rxc6 Qb7 24. Rc2 N8d6 25. Qc1 Nf5 26. h3 h5 27. Nd4 Nxd4 28. Bxd4 Qf7 29. f3 Ng3 30. Qd2 h4 31. Rdc1 Qd7 32. Qf2 Qd6 33. f4 Nf5 34. Rc6 Qd7 35. Bb2 Re8 36. Bd4 Nxd4 37. exd4 Qe7 38. Rc8 Kh7 39. Qxh4+ Kg8 40. Qf2 Kf7 41. Rxe8 Qxe8 42. Qf3 Qe5 1-0


[Site "https://www.chess.com"]

[Event "Titled Tuesday Blitz January 31 Early 2023"]
[White "De Souza, Cristiano Gomes"]
[Black "Orzech, Dominik"]
[WhiteFideId "2151758"]
[BlackFideId "1115065"]
[WhiteElo "2018"]
[BlackElo "2308"]
[Result "0-1"]
[Round "01"]
[TimeControl "180+2"]
[Date "2023.01.31"]
[WhiteClock "0:00:12"]
[BlackClock "0:01:17"]

1. d4 Nf6 2. c4 c5 3. d5 e6 4. Nc3 exd5 5. cxd5 d6 6. h3 g6 7. e4 Bg7 8. Nf3 O-O 9. Bd3 Bd7 10. a4 Na6 11. O-O Nb4 12. Re1 Re8 13. Bf4 Nxd3 14. Qxd3 Qc7 15. Nd2 a6 16. Nc4 Bf8 17. a5 Nh5 18. Bh2 Rad8 19. g4 Nf6 20. f4 Bb5 21. Nxb5 axb5 22. Nd2 c4 23. Qd4 Bg7 24. Qb6 Qd7 25. g5 Nh5 26. Kg2 Bxb2 27. Rab1 c3 28. Nf3 f5 29. e5 dxe5 30. fxe5 Qxd5 31. e6 b4 32. Qf2 b3 33. Rxb2 cxb2 34. Qxb2 Rxe6 35. Rxe6 Qxe6 36. Nd4 Qe4+ 37. Nf3 Rd3 38. Qf2 Rxf3 39. Qxf3 b2 40. Qxe4 fxe4 0-1


[Site "https://www.chess.com"]

[Event "Titled Tuesday Blitz January 31 Early 2023"]
[White "Czernek, Tymon"]
[Black "Lobachev, Yury"]
[WhiteFideId "1199510"]
[BlackFideId "24138177"]
[WhiteElo "2314"]
[BlackElo "2345"]
[Result "1-0"]
[Round "01"]
[TimeControl "180+2"]
[Date "2023.01.31"]
[WhiteClock "0:00:57"]
[BlackClock "0:00:13"]

1. e4 c5 2. Nf3 e6 3. d4 cxd4 4. Nxd4 a6 5. Bd3 Qc7 6. O-O Nf6 7. c4 Be7 8. Nc3 O-O 9. Kh1 Nc6 10. Nxc6 dxc6 11. f4 e5 12. f5 b5 13. Qf3 b4 14. Ne2 Nd7 15. g4 f6 16. h4 Nc5 17. Bc2 a5 18. g5 Ba6 19. b3 a4 20. Ng3 axb3 21. axb3 Bb7 22. Be3 Rxa1 23. Rxa1 Ra8 24. Rxa8+ Bxa8 25. Nh5 Nd7 26. Qg2 Kh8 27. Bd1 Qd6 28. Bf3 Qd3 29. Bf2 Qxb3 30. Nxg7 Kxg7 31. gxf6+ Kxf6 32. Bh5 1-0


[Site "https://www.chess.com"]

[Event "Titled Tuesday Blitz January 31 Early 2023"]
[White "Mammadzada, Gunay"]
[Black "Dilmukhametov, Artur"]
[WhiteFideId "13403729"]
[BlackFideId "24179922"]
[WhiteElo "2449"]
[BlackElo "2276"]
[Result "1-0"]
[Round "01"]
[TimeControl "180+2"]
[Date "2023.01.31"]
[WhiteClock "0:00:51"]
[BlackClock "0:00:46"]

1. e4 e6 2. d4 d5 3. Nd2 Nf6 4. e5 Nfd7 5. Bd3 c5 6. c3 Nc6 7. Ne2 cxd4 8. cxd4 f6 9. exf6 Nxf6 10. Nf3 Bd6 11. O-O O-O 12. Bf4 Ng4 13. Bxd6 Qxd6 14. h3 Rxf3 15. hxg4 Rf6 16. f4 h6 17. a3 Ne7 18. Qd2 Bd7 19. Rf3 Raf8 20. Raf1 Ng6 21. Qe3 b6 22. Kh1 Kh8 23. g5 hxg5 24. fxg5 Rxf3 25. Rxf3 Rxf3 26. Qxf3 Be8 27. Qh5+ Kg8 28. Bxg6 Bxg6 29. Qxg6 a5 30. g3 b5 31. Nf4 Qc7 32. Qxe6+ Kh7 33. g6+ Kh8 34. Qe8# 1-0


[Site "https://www.chess.com"]

[Event "Titled Tuesday Blitz January 31 Early 2023"]
[White "Ciuffoletti, Paolo"]
[Black "Sourath Biswas"]
[WhiteFideId "807630"]
[BlackFideId "35091484"]
[WhiteElo "2106"]
[BlackElo "2281"]
[Result "0-1"]
[Round "01"]
[TimeControl "180+2"]
[Date "2023.01.31"]
[WhiteClock "0:00:10"]
[BlackClock "0:01:28"]

1. e4 c6 2. d4 d5 3. exd5 cxd5 4. c4 Nf6 5. Nc3 Nc6 6. Nf3 Bf5 7. a3 e6 8. cxd5 Nxd5 9. Qb3 Qd7 10. Bb5 Bd6 11. O-O O-O 12. Ne5 Nxd4 13. Qd1 Qc7 14. Nd7 Nxc3 15. bxc3 Nxb5 16. Nxf8 Rxf8 17. g3 Nxc3 18. Qc2 Bxc2 0-1


[Site "https://www.chess.com"]

[Event "Titled Tuesday Blitz January 31 Early 2023"]
[White "Ambartsumova, Karina"]
[Black "Mione, Dario"]
[WhiteFideId "4166299"]
[BlackFideId "806625"]
[WhiteElo "2393"]
[BlackElo "2228"]
[Result "1-0"]
[Round "01"]
[TimeControl "180+2"]
[Date "2023.01.31"]
[WhiteClock "0:00:40"]
[BlackClock "0:00:15"]

1. Nf3 d5 2. g3 Nf6 3. c4 e6 4. Bg2 c6 5. b3 Be7 6. Bb2 Nbd7 7. O-O O-O 8. e3 b6 9. Nc3 Bb7 10. Qe2 c5 11. cxd5 exd5 12. d4 Qb8 13. Rfd1 Re8 14. Rac1 Bf8 15. Qc2 a5 16. Na4 Bc6 17. Ne5 Bxa4 18. bxa4 c4 19. Nxd7 Nxd7 20. Bxd5 Ra7 21. Qxc4 Nf6 22. Bg2 Bd6 23. Re1 Bb4 24. Re2 Rae7 25. a3 Bd6 26. Rce1 Bb4 1-0


[Site "https://www.chess.com"]

[Event "Titled Tuesday Blitz January 31 Early 2023"]
[White "Zampronha, Wladimir Camilo"]
[Black "Odegov, Artem"]
[WhiteFideId "2103087"]
[BlackFideId "34183644"]
[WhiteElo "2176"]
[BlackElo "2261"]
[Result "0-1"]
[Round "01"]
[TimeControl "180+2"]
[Date "2023.01.31"]
[WhiteClock "0:00:01"]
[BlackClock "0:00:09"]

1. e4 e6 2. d4 d5 3. Nc3 Bb4 4. e5 c5 5. a3 Bxc3+ 6. bxc3 Ne7 7. Qg4 cxd4 8. Qxg7 Rg8 9. Qxh7 Qc7 10. Qd3 Nbc6 11. cxd4 Nxe5 12. Qb3 Nc4 13. Nf3 Bd7 14. Bg5 Nf5 15. h4 Rc8 16. Bd3 Qa5+ 17. Qb4 Qxb4+ 18. axb4 a6 19. g4 Nfd6 20. h5 Ne4 21. h6 Nxg5 22. Nxg5 Rxg5 23. h7 Ke7 24. h8=Q Rxh8 25. Rxh8 Rxg4 26. Bxc4 dxc4 27. Kd2 Rxd4+ 28. Kc3 Rf4 29. Rh2 Bb5 30. Rd1 Rf3+ 31. Kd4 Rf5 32. Kc3 e5 33. Rd5 Rf3+ 34. Kb2 Ke6 35. Rd8 Bc6 36. c3 f6 37. Rd2 e4 38. Re2 Ke5 39. Rh5+ f5 40. Rh2 Kf4 41. Rh4+ Kg5 42. Rh2 Rd3 43. Kc1 Kf4 44. Kb2 Kf3 45. Rc2 f4 46. Rh3+ Kg4 47. Rh2 e3 48. fxe3 fxe3 49. Rh8 Bf3 50. Rg8+ Kf4 51. Rf8+ Ke4 52. Re8+ Kd5 53. Rh2 Kc6 54. Rh3 Rd2+ 0-1


[Site "https://www.chess.com"]

[Event "Titled Tuesday Blitz January 31 Early 2023"]
[White "Weetik, Vjacheslav"]
[Black "Kohler, Aran"]
[WhiteFideId "4153472"]
[BlackFideId "1002856"]
[WhiteElo "2423"]
[BlackElo "2010"]
[Result "1-0"]
[Round "01"]
[TimeControl "180+2"]
[Date "2023.01.31"]
[WhiteClock "0:00:42"]
[BlackClock "0:00:41"]

1. d4 Nf6 2. Nf3 d5 3. c4 c6 4. Nc3 e6 5. e3 Nbd7 6. Bd3 Bd6 7. O-O O-O 8. e4 dxc4 9. Bxc4 e5 10. Be3 Qe7 11. d5 Nb6 12. Bb3 Bg4 13. h3 Bxf3 14. Qxf3 cxd5 15. exd5 e4 16. Qf5 Qe5 17. Qxe5 Bxe5 18. Rfd1 Rac8 19. Nb5 a6 20. Na7 Nc4 21. Nxc8 Rxc8 22. Bxc4 b5 23. Bb3 Bxb2 24. Rab1 Be5 25. Rbc1 Rd8 26. Rc6 a5 27. Bb6 Ra8 28. Bxa5 h5 29. Bc3 Bxc3 30. Rxc3 1-0


[Site "https://www.chess.com"]

[Event "Titled Tuesday Blitz January 31 Early 2023"]
[White "Fudalej, Michal"]
[Black "Subelj, Jan"]
[WhiteFideId "1118781"]
[BlackFideId "14618583"]
[WhiteElo "2188"]
[BlackElo "2513"]
[Result "0-1"]
[Round "01"]
[TimeControl "180+2"]
[Date "2023.01.31"]
[WhiteClock "0:00:12"]
[BlackClock "0:00:57"]

1. e4 Nc6 2. d4 d5 3. e5 Bf5 4. Nf3 e6 5. c3 f6 6. Bf4 g5 7. Bg3 Bxb1 8. Rxb1 f5 9. h4 g4 10. Ng1 h5 11. Qb3 Na5 12. Qa4+ c6 13. b4 Nc4 14. b5 Nb6 15. Qa5 c5 16. Ne2 cxd4 17. Nxd4 Qc8 18. Bd3 Bc5 19. O-O Ne7 20. Rbc1 Ng6 21. Rfd1 O-O 22. Ne2 Be7 23. c4 dxc4 24. Nd4 Rd8 25. Qc3 cxd3 26. Qxd3 Qd7 27. Qe3 Nd5 28. Qh6 Nf8 29. Nxe6 Qxe6 0-1


[Site "https://www.chess.com"]

[Event "Titled Tuesday Blitz January 31 Early 2023"]
[White "Aggelis, Nikolaos"]
[Black "Broca Jimenez, Fernando"]
[WhiteFideId "4213220"]
[BlackFideId "5104742"]
[WhiteElo "2270"]
[BlackElo "2075"]
[Result "1-0"]
[Round "01"]
[TimeControl "180+2"]
[Date "2023.01.31"]
[WhiteClock "0:02:10"]
[BlackClock "0:00:01"]

1. d4 Nf6 2. g3 e6 3. Bg2 Be7 4. Nf3 d5 5. O-O O-O 6. c4 c6 7. Nbd2 Nbd7 8. b3 Re8 9. Bb2 Bd6 10. Ne5 dxc4 11. Ndxc4 Bc7 12. e4 c5 13. Nxd7 Nxd7 14. d5 exd5 15. exd5 Nb6 16. Ne3 Be5 17. Bxe5 Rxe5 18. Rc1 Bf5 19. Rxc5 Bg6 20. Qd4 Qd6 21. Rfc1 1-0


[Site "https://www.chess.com"]

[Event "Titled Tuesday Blitz January 31 Early 2023"]
[White "Fajdetic, Hrvoje"]
[Black "Aldokhin, Ivan"]
[WhiteFideId "14501945"]
[BlackFideId "24115720"]
[WhiteElo "2151"]
[BlackElo "2413"]
[Result "0-1"]
[Round "01"]
[TimeControl "180+2"]
[Date "2023.01.31"]
[WhiteClock "0:00:02"]
[BlackClock "0:00:05"]

1. d4 Nf6 2. Bf4 g6 3. Nc3 Bg7 4. e4 d6 5. Qd2 c6 6. O-O-O O-O 7. Bh6 b5 8. f3 b4 9. Nce2 Qa5 10. Kb1 Nbd7 11. h4 Nb6 12. Nc1 Na4 13. Nb3 Qb6 14. h5 Be6 15. Bxg7 Kxg7 16. hxg6 fxg6 17. Qh6+ Kf7 18. e5 dxe5 19. dxe5 Nd5 20. Qxh7+ Ke8 21. Ne2 Bf5 22. g4 Bxc2+ 23. Kxc2 Ne3+ 24. Kb1 Nxd1 25. Qxg6+ Kd7 26. Qd3+ Kc7 27. Qxd1 Rad8 28. Qc2 Qe3 29. Nbc1 Nc5 30. f4 Rd2 31. Qc4 Qe4+ 32. Qxe4 Nxe4 33. Rh7 Kd8 34. Bg2 Nf2 35. Bxc6 Nxg4 36. Be4 Ne3 37. f5 Nxf5 38. Bxf5 Rxf5 39. e6 Re5 40. Rh2 Rxe6 41. Rh8+ Kd7 42. Nf4 Re1 0-1


[Site "https://www.chess.com"]

[Event "Titled Tuesday Blitz January 31 Early 2023"]
[White "Dos Santos, Emmanuel"]
[Black "Sielecki, Christof"]
[WhiteFideId "2103559"]
[BlackFideId "4620437"]
[WhiteElo "2261"]
[BlackElo "2419"]
[Result "0-1"]
[Round "01"]
[TimeControl "180+2"]
[Date "2023.01.31"]
[WhiteClock "0:00:02"]
[BlackClock "0:00:21"]

1. e4 c5 2. Nf3 a6 3. c4 Nc6 4. Nc3 e5 5. g3 d6 6. Bg2 Rb8 7. O-O b5 8. d3 Nf6 9. Bg5 Be7 10. Rb1 O-O 11. Nh4 Nd4 12. f4 exf4 13. gxf4 h6 14. Bxf6 Bxf6 15. Nf3 bxc4 16. dxc4 Bb7 17. Nd5 Bxd5 18. cxd5 Re8 19. Re1 Nxf3+ 20. Qxf3 Rxb2 21. Rxb2 Bxb2 22. Qg4 Qf6 23. Rf1 Bd4+ 24. Kh1 g6 25. Qd7 Qe7 26. Qc6 Rb8 27. Qxa6 Rb2 28. Qd3 Rxa2 29. f5 Kg7 30. fxg6 fxg6 31. Qf3 Ra8 32. Bh3 Rf8 33. Qxf8+ Qxf8 34. Rxf8 Kxf8 35. Bf1 Ke7 36. Kg2 Kf6 37. Kf3 h5 38. Bd3 Kg5 39. Kg3 Be5+ 40. Kg2 Kf4 41. Kf2 g5 42. h3 g4 43. hxg4 hxg4 44. Kg2 g3 0-1


[Site "https://www.chess.com"]

[Event "Titled Tuesday Blitz January 31 Early 2023"]
[White "Zhu, Jiner"]
[Black "Hrbek, Stepan"]
[WhiteFideId "8608059"]
[BlackFideId "393479"]
[WhiteElo "2507"]
[BlackElo "2306"]
[Result "1-0"]
[Round "01"]
[TimeControl "180+2"]
[Date "2023.01.31"]
[WhiteClock "0:01:13"]
[BlackClock "0:00:10"]

1. c4 e5 2. Nc3 Bb4 3. Nd5 Be7 4. d4 exd4 5. Qxd4 Nf6 6. Nf3 Nxd5 7. cxd5 O-O 8. e4 c5 9. Qd1 d6 10. Be2 Bf6 11. O-O Qe7 12. Qc2 Bg4 13. Bf4 Nd7 14. Rfe1 Bxf3 15. Bxf3 b5 16. Be2 Rab8 17. a4 bxa4 18. Reb1 Rb4 19. Rxa4 Rfb8 20. Rxa7 Rxb2 21. Rxb2 Rxb2 22. Qa4 Rxe2 23. f3 Bd4+ 24. Kf1 Rf2+ 25. Ke1 Rxg2 26. Rxd7 Qe8 27. Rb7 Kf8 28. Bxd6+ 1-0


[Site "https://www.chess.com"]

[Event "Titled Tuesday Blitz January 31 Early 2023"]
[White "Reprintsev, Alexander"]
[Black "Alhadad, Mahmoud"]
[WhiteFideId "14100541"]
[BlackFideId "11501863"]
[WhiteElo "2253"]
[BlackElo "1840"]
[Result "1-0"]
[Round "01"]
[TimeControl "180+2"]
[Date "2023.01.31"]
[WhiteClock "0:00:48"]
[BlackClock "0:00:03"]

1. e4 d5 2. exd5 Nf6 3. d4 Bg4 4. Bb5+ Nbd7 5. Be2 Bxe2 6. Qxe2 Nxd5 7. c4 N5b6 8. Nf3 Nf6 9. O-O e6 10. Rd1 c6 11. Ne5 Be7 12. Be3 O-O 13. Nd2 Nfd7 14. Ne4 Qc8 15. b3 Rd8 16. Qh5 Nxe5 17. dxe5 Rxd1+ 18. Rxd1 Nd7 19. Nd6 Bxd6 20. exd6 c5 21. h3 a5 22. a4 Ra6 23. Bf4 Rb6 24. Qf3 Qc6 25. Qc3 Qe4 26. Bg3 h5 27. f3 Qe2 28. Rd2 Rxb3 29. Qxb3 Qxd2 30. Qxb7 Qd1+ 31. Kh2 Qxa4 32. h4 Kh7 33. Be1 Nf6 34. Bc3 Qxc4 35. Bxf6 gxf6 36. Qe4+ Qxe4 37. fxe4 c4 38. d7 c3 39. d8=Q c2 40. Qc7 Kh6 41. Qxc2 e5 42. Qd2+ Kg6 43. Qxa5 Kg7 44. g4 Kh6 45. Kg3 Kh7 46. Qd8 Kg7 47. g5 Kh7 48. Qxf6 1-0


[Site "https://www.chess.com"]

[Event "Titled Tuesday Blitz January 31 Early 2023"]
[White "Osmonbekov, Talaibek"]
[Black "Tica, Sven"]
[WhiteFideId "2017253"]
[BlackFideId "14526948"]
[WhiteElo "2137"]
[BlackElo "2431"]
[Result "0-1"]
[Round "01"]
[TimeControl "180+2"]
[Date "2023.01.31"]
[WhiteClock "0:00:01"]
[BlackClock "0:02:14"]

1. d4 g6 2. Bf4 Bg7 3. c3 d6 4. Nf3 Nd7 5. e3 e5 6. dxe5 dxe5 7. Bg5 Ne7 8. Bc4 O-O 9. O-O h6 10. Bxe7 Qxe7 11. Na3 c6 12. Nc2 Nc5 13. a4 Bf5 14. Qe2 Rad8 15. e4 Bxe4 16. b4 Bd3 17. Bxd3 Nxd3 18. Rad1 e4 19. Nfd4 Rfe8 20. f3 Nf4 21. Qxe4 Qxe4 22. fxe4 Rxe4 23. Rfe1 Rxe1+ 24. Rxe1 Nd5 25. b5 Nxc3 26. bxc6 Bxd4+ 27. Nxd4 bxc6 28. Nxc6 Rd7 29. Re8+ Kg7 30. Ra8 Nxa4 31. Rxa7 Rxa7 32. Nxa7 Kf6 33. Nb5 Nc5 34. Nd4 Ke5 35. Nf3+ Kf4 36. Kf2 Ne4+ 37. Ke2 h5 38. g3+ Nxg3+ 39. hxg3+ Kxg3 0-1


[Site "https://www.chess.com"]

[Event "Titled Tuesday Blitz January 31 Early 2023"]
[White "Atanasov, Anthony"]
[Black "Ardila, Oscar Humberto"]
[WhiteFideId "2623897"]
[BlackFideId "4404742"]
[WhiteElo "2368"]
[BlackElo "1982"]
[Result "1-0"]
[Round "01"]
[TimeControl "180+2"]
[Date "2023.01.31"]
[WhiteClock "0:00:26"]
[BlackClock "0:00:59"]

1. Nf3 Nf6 2. d4 g6 3. g3 Bg7 4. Bg2 d6 5. O-O O-O 6. Re1 Nbd7 7. e4 e5 8. c3 c6 9. Qc2 Qc7 10. dxe5 dxe5 11. Na3 Re8 12. h3 b5 13. Be3 Bb7 14. Rad1 a5 15. c4 b4 16. Nb1 Ba6 17. Nbd2 Nf8 18. Kh2 Rad8 19. Nb3 Ne6 20. Ng5 Nxg5 21. Bxg5 Rxd1 22. Rxd1 h6 23. Nc5 Bc8 24. Be3 Bf8 25. Qd2 Bxc5 26. Bxc5 Nd7 27. Bd6 Qa7 28. c5 Nf8 29. Qxh6 Nd7 30. Rd3 Nxc5 31. Qe3 Ba6 32. Bxc5 Qb7 33. Rd6 Bc4 34. Qg5 Qb5 35. Rxg6+ 1-0


[Site "https://www.chess.com"]

[Event "Titled Tuesday Blitz January 31 Early 2023"]
[White "Kornyukov, Alexey"]
[Black "Yelisieiev, Yevhenii"]
[WhiteFideId "4150457"]
[BlackFideId "14139642"]
[WhiteElo "2452"]
[BlackElo "2418"]
[Result "0-1"]
[Round "01"]
[TimeControl "180+2"]
[Date "2023.01.31"]
[WhiteClock "0:00:13"]
[BlackClock "0:00:11"]

1. e4 d6 2. d4 Nf6 3. Nc3 e5 4. dxe5 dxe5 5. Qxd8+ Kxd8 6. Bc4 Ke8 7. Nf3 Nbd7 8. Ng5 Bb4 9. Nxf7 Rf8 10. Ng5 Nc5 11. Bd2 Bxc3 12. Bxc3 Nfxe4 13. Nxe4 Nxe4 14. Bxe5 Nxf2 15. O-O Ng4 16. Rxf8+ Kxf8 17. Rf1+ Ke8 18. Bxg7 Kd7 19. Rf7+ Kc6 20. Be2 Be6 21. Bf3+ Kd6 22. Bf8+ Ke5 23. Bg7+ Kd6 24. Rf4 Ne3 25. Bf8+ Kd7 26. Rd4+ Ke8 27. Re4 Kxf8 28. Rxe6 Nxc2 29. Rh6 Kg7 30. Rh4 c6 31. Rc4 Ne3 32. Re4 Nd5 33. Re5 Rd8 34. Bxd5 cxd5 35. Re7+ Kg6 36. Rxb7 d4 37. Rc7 d3 38. Rc1 Kf5 39. Kf2 Ke4 40. Re1+ Kd4 41. Rd1 Re8 42. Rd2 Rf8+ 43. Ke1 Ke3 44. Rd1 Rc8 45. g4 Rc2 46. g5 Rxh2 47. b4 Rh1# 0-1


[Site "https://www.chess.com"]

[Event "Titled Tuesday Blitz January 31 Early 2023"]
[White "SicilianPanzer"]
[Black "Kopczynski, Michal"]
[BlackFideId "1124200"]
[WhiteElo "2195"]
[BlackElo "2225"]
[Result "0-1"]
[Round "01"]
[TimeControl "180+2"]
[Date "2023.01.31"]
[WhiteClock "0:00:02"]
[BlackClock "0:00:14"]

1. c4 g6 2. Nc3 Bg7 3. d4 d6 4. e4 Nf6 5. Be3 O-O 6. h3 e5 7. d5 Nh5 8. Be2 Nf4 9. Bf3 g5 10. g3 Ng6 11. Bg4 Nd7 12. Qd2 h6 13. h4 Nb6 14. Be2 f6 15. h5 Ne7 16. g4 c6 17. f3 cxd5 18. cxd5 Bd7 19. a4 Be8 20. a5 Nd7 21. b4 b6 22. Bd3 bxa5 23. bxa5 Nc8 24. Nge2 Rf7 25. Kf2 Bf8 26. Rhb1 Be7 27. Rb2 f5 28. exf5 Nf6 29. Be4 Rg7 30. a6 Nb6 31. Bxb6 axb6 32. Qe3 Nd7 33. Rba2 Nc5 34. Nc1 Qc7 35. Nd3 Nb3 36. Nb5 Bxb5 0-1


[Site "https://www.chess.com"]